 Dungeon Crawl Stone Soup version 0.22-b1-26-g9dbaab1 (webtiles) character file.

660 Lilu the Covert (level 7, -3/50 HPs)
             Began as an Octopode Assassin on Aug 8, 2018.
             Was an Initiate of Dithmenos.
             Slain by a sky beast (5 damage)
             ... on level 6 of the Dungeon.
             The game lasted 00:14:10 (4991 turns).

Lilu the Covert (Octopode Assassin)                 Turns: 4991, Time: 00:14:11

Health: -3/50      AC:  1    Str: 10    XL:     7   Next: 56%
Magic:  7/7        EV: 13    Int: 13    God:    Dithmenos [......]
Gold:   357        SH:  0    Dex: 16    Spells: 6/6 levels left

rFire    + . .     SeeInvis .   j - +3 short sword
rCold    x . .     Gourm    .   (no shield)
rNeg     . . .     Faith    .   (helmet restricted)
rPois    .         Spirit   .   (no amulet)
rElec    .         Reflect  .   A - ring of fire
rCorr    .         Harm     .   (no ring)
MR       .....                  (no ring)
Stlth    +++++.....             (no ring)
HPRegen  0.16/turn              (no ring)
MPRegen  0.10/turn              (no ring)
                                (no ring)
                                (no ring)

@: no status effects
A: almost no armour, stealthy swim, amphibious, 8 rings, constrict 8, camouflage
1, gelatinous body 1
a: Renounce Religion


You were on level 6 of the Dungeon.
You worshipped Dithmenos.
Dithmenos was noncommittal.
You were not hungry.

You visited 2 branches of the dungeon, and saw 7 of its levels.

You collected 357 gold pieces.

Inventory:

Hand Weapons
 a - a +2 dagger
 b - a +0 blowgun
 j - a +3 short sword (weapon)
Missiles
 c - 8 poisoned needles
 d - 2 curare-tipped needles
 i - 164 stones (quivered)
 l - 5 needles of sleeping
 n - 19 sling bullets
 x - 22 arrows
Jewellery
 A - a ring of fire (left tentacle)
Wands
 z - a wand of flame (2)
Scrolls
 e - a scroll of blinking {unknown}
 g - 2 scrolls of magic mapping
 h - a scroll of teleportation {unknown}
 m - 3 scrolls of remove curse
 p - 2 scrolls of amnesia
 s - 4 scrolls of enchant armour
 u - a scroll of enchant weapon {unknown}
 w - a scroll of immolation {unknown}
 y - a scroll of noise {unknown}
Potions
 k - a potion of brilliance {unknown}
 o - a potion of berserk rage {unknown}
 q - 3 potions of curing
 r - a potion of flight {unknown}
 v - a potion of ambrosia {unknown}
 B - a potion of cancellation {unknown}
Comestibles
 f - 9 rations
 t - 2 chunks of flesh


   Skills:
 + Level 5.6 Fighting
 - Level 2.0 Short Blades
 - Level 2.0 Throwing
 - Level 1.0 Dodging
 - Level 10.0 Stealth


You had 6 spell levels left.
You didn't know any spells.
Your spell library was empty.

Dungeon Overview and Level Annotations

Branches:
Dungeon (6/15)             Temple (1/1) D:4

Altars:
Cheibriados
Dithmenos
Elyvilon
Kikubaaqudgha
Nemelex Xobeh
Qazlal
Sif Muna
Trog
Uskayaw
Wu Jian
Xom
Yredelemnul
Zin


Innate Abilities, Weirdness & Mutations

You cannot wear most types of armour.
You are very stealthy in the water. (Stealth+)
You are amphibious.
You can wear up to eight rings at the same time.
You can use your tentacles to constrict eight enemies at once.
Your skin changes colour to match your surroundings (Stealth+).
Your rubbery body absorbs attacks. (AC +1, EV +1)


Message History

Something shocks you.
You miss something. Something hits you. Something shocks you.
Something hits you. Something shocks you.
Some of the chunks of flesh in your inventory have rotted away.
Something hits you. Something shocks you.
* * * LOW HITPOINT WARNING * * *
A sky beast appears from thin air!
Reactivating autopickup.
You barely miss the sky beast. Your squeeze misses the sky beast.
The sky beast is severely wounded.
The sky beast hits you.
* * * LOW HITPOINT WARNING * * *
The sky beast shocks you.
* * * LOW HITPOINT WARNING * * *
You hit the sky beast. Your squeeze misses the sky beast.
The sky beast is severely wounded.
The sky beast hits you.
* * * LOW HITPOINT WARNING * * *
The sky beast shocks you.
You die...

######.................# .#
#.....<................##.##
#.####........)............#
..............).....##...###
....{...............#8...8#
#.#######.....##....##...#### ###
#...## #....#.###...##...##⌠###8#
###..###.[..#.###Y.###...........
............#.##@..##8...........
..###..............###...........
#.##.......#.>#..### ##8###⌠##...
................##############...
.#....<....##..##..≈....#.###8...
##...##...##.....#.........##...
#8...8#...###...........##......
##...##.........##.....#########
#...#######...###....##


You could see a sky beast.

Vanquished Creatures
  A human (D:3)
  A phantom (D:4)
  A bullfrog (D:6)
  A scorpion (D:6)
  A crimson imp (D:6)
  A bullfrog skeleton (D:5)
  2 iguanas (D:4)
  A worker ant (D:4)
  3 gnolls (D:6)
  5 adders
  An adder skeleton (D:4)
  2 worms
  3 dart slugs
  A leopard gecko (D:2)
  13 orcs
  3 giant cockroaches
  5 goblins
  8 hobgoblins
  6 jackals
  A quokka (D:3)
  2 ball pythons (D:1)
  5 bats
  3 frilled lizards
  2 jackal zombies
  12 kobolds
  A kobold skeleton (D:3)
  A quokka zombie (D:6)
  11 rats
97 creatures vanquished.

Vanquished Creatures (others)
  A goblin (D:1)
1 creature vanquished.

Grand Total: 98 creatures vanquished

Notes
Turn   | Place    | Note
-------+----------+-------------------------------------------
     0 | D:1      | Lilu the Octopode Assassin began the quest for the Orb.
     0 | D:1      | Reached XP level 1. HP: 14/14 MP: 1/1
   201 | D:1      | Reached XP level 2. HP: 19/19 MP: 2/2
   204 | D:1      | Reached skill level 6 in Stealth
   434 | D:1      | Reached XP level 3. HP: 16/24 MP: 3/3
   886 | D:2      | Reached skill level 7 in Stealth
   949 | D:2      | Found a snail-covered altar of Cheibriados.
  1472 | D:3      | Reached XP level 4. HP: 29/29 MP: 4/4
  1733 | D:3      | Reached skill level 8 in Stealth
  2241 | D:3      | Found a runed door.
  2241 | D:3      | Noticed a human
  2247 | D:3      | Found a basalt altar of Yredelemnul.
  2281 | D:3      | Killed a human
  2281 | D:3      | Reached skill level 10 in Stealth
  2281 | D:3      | Reached XP level 5. HP: 4/34 MP: 5/5
  2281 | D:3      | Reached XP level 6. HP: 4/39 MP: 6/6
  2870 | D:4      | Found an ornate altar of the Wu Jian Council.
  2951 | D:4      | Found a white marble altar of Elyvilon.
  3323 | D:4      | Found a glowing silver altar of Zin.
  3324 | D:4      | Noticed an angel
  3419 | D:4      | Noticed a phantom
  3456 | D:4      | Killed a phantom
  3456 | D:4      | Reached XP level 7. HP: 12/48 MP: 7/7
  3825 | D:4      | Found a staircase to the Ecumenical Temple.
  3838 | Temple   | Entered the Ecumenical Temple
  3846 | Temple   | Became a worshipper of Dithmenos the Shadowed
  3922 | D:5      | Entered Level 5 of the Dungeon
  4112 | D:5      | Found a sparkling altar of Nemelex Xobeh.
  4739 | D:6      | Reached skill level 5 in Fighting
  4991 | D:6      | HP: 2/50 [sky beast (5)]
  4991 | D:6      | Slain by a sky beast

Skill      XL: |  1  2  3  4  5  6  7 |
---------------+----------------------+-----
Stealth        | 6 7 10 | 10.0
Fighting       | 4 5 |  5.6
Short Blades   | |  2.0
Throwing       | |  2.0
Dodging        | |  1.0

Action                   |  1- 3 |  4- 6 |  7- 9 || total
-------------------------+-------+-------+-------++-------
Melee: Dagger            |    21 |       |       ||    21
       Tentacles         |    16 |    17 |     5 ||    38
       Constrict         |    14 |    22 |     7 ||    43
       Short sword       |    41 |    91 |    37 ||   169
  Use: Scroll            |       |     2 |     5 ||     7
 Stab: Sleeping          |    18 |    12 |     4 ||    34
  Eat: Chunk             |     2 |     6 |     2 ||    10
       Ration            |       |       |     1 ||     1
Armor: Skin              |     3 |     3 |     1 ||     7
Dodge: Dodged            |    21 |    32 |    22 ||    75
